 Dungeon Crawl Stone Soup version 0.28.0-43-g3370ac3207 (webtiles) character file.

Game seed: 14640495421369447711

438 pkoi the Insei (level 6, 0/51 HPs)
             Began as a Demigod Gladiator on Mar 28, 2022.
             Slain by an ogre
             ... wielding a +0 giant club
              (30 damage)
             ... on level 5 of the Dungeon.
             The game lasted 00:04:59 (5797 turns).

pkoi the Insei (Demigod Gladiator)                  Turns: 5797, Time: 00:05:00

Health: 0/51       AC:  6    Str: 19    XL:     6   Next: 41%
Magic:  8/8        EV: 13    Int: 10    God:
Gold:   142        SH:  0    Dex: 19    Spells: 5/5 levels left

rFire   . . .      SeeInvis .     - Unarmed
rCold   . . .      Faith    .   (no shield)
rNeg    . . .      Spirit   .   a - +0 leather armour
rPois   .          Reflect  .   b - +0 helmet
rElec   .          Harm     .   k - +0 cloak
rCorr   .          Rampage  .   g - +0 pair of gloves
Will    .....                   (no boots)
Stlth   +.........              (no amulet)
HPRegen 0.17/turn               (no ring)
MPRegen 0.11/turn               (no ring)

@: on berserk cooldown, slowed, very slow
A: high MP 1, forlorn, divine attributes
a: no special abilities


You were on level 5 of the Dungeon.
You visited 1 branch of the dungeon, and saw 5 of its levels.

You collected 142 gold pieces.

Inventory:

Missiles
 c - 6 throwing nets (quivered)
Armour
 a - a +0 leather armour (worn)
 b - a +0 helmet (worn)
 g - a +0 pair of gloves (worn)
 k - a +0 cloak (worn)
Jewellery
 i - a ring of protection from fire
Scrolls
 d - 4 scrolls of identify {unknown}
 j - a scroll of fear {unknown}
 l - a scroll of immolation {unknown}
 n - a scroll of teleportation
 o - a scroll of vulnerability {unknown}
Potions
 f - a potion of attraction
 m - 2 potions of heal wounds
 p - a potion of mutation {unknown}


   Skills:
 + Level 3.2 Fighting
 - Level 1.7 Throwing
 + Level 3.8 Dodging
 * Level 5.7 Unarmed Combat


You had 5 spell levels left.
You didn't know any spells.
Your spell library contained the following spells:

 Spells                   Type           Power      Damage    Failure   Level
 Animate Skeleton         Necr           0%         N/A       41%         1
 Apportation              Tloc           0%         N/A       41%         1
 Summon Small Mammal      Summ           0%         N/A       41%         1
 Corpse Rot               Necr/Air       0%         N/A       56%         2
 Ozocubu's Armour         Ice            0%         N/A       80%         3
 Summon Guardian Golem    Hex/Summ       0%         N/A       80%         3
 Dispel Undead            Necr           0%         3d6       99%         4
 Blade Hands              Tmut           0%         N/A       100%        5
 Irradiate                Conj/Tmut      0%         3d13      100%        5
 Metabolic Englaciation   Hex/Ice        0%         N/A       100%        5
 Death Channel            Necr           0%         N/A       100%        6
 Simulacrum               Ice/Necr       0%         N/A       100%        6
 Dragon Form              Tmut           0%         N/A       100%        7
 Orb of Destruction       Conj           0%         9d5       100%        7
 Spellforged Servitor     Conj/Summ      0%         N/A       100%        7


Dungeon Overview and Level Annotations

Branches:
Dungeon (5/15)             Temple (0/1) D:4

Annotations:
D:5 1 runed translucent door, terff's ghost, weakling GnDe


Innate Abilities, Weirdness & Mutations

You have an increased reservoir of magic. (+10% MP)
You shall have no god before yourself.
Your divine heritage dramatically boosts your attributes as you level up.


Message History

* * * LOW HITPOINT WARNING * * *
You hit something. You barely miss something. Something hits you.
* * * LOW HITPOINT WARNING * * *
Something shocks you.
* * * LOW HITPOINT WARNING * * *
You punch something! You hit something. Something hits you but does no damage.
Unknown command.
You completely miss something.
Unknown command.
You closely miss something. Something hits you but does no damage.
Unknown command.
You closely miss something. Something hits you but does no damage.
Unknown command.
You miss something.
You are no longer berserk.
You are exhausted.
You feel yourself slow down.
Unknown command.
You hit something but do no damage.
A sky beast appears from thin air!
Reactivating autopickup.
The sky beast misses you. The sky beast closely misses you.
Unknown command.
You miss the sky beast.
The sky beast is severely wounded.
The sky beast hits you but does no damage.
Unknown command.
You hit the sky beast. Your punch misses the sky beast.
The sky beast is almost dead.
The sky beast hits you but does no damage.
Unknown command.
You feel much better. The sky beast barely misses you.
The sky beast misses you.
You hit the sky beast.
You kill the sky beast!
You hit the ogre but do no damage.
The ogre hits you with a +0 giant club!!
Ouch! That really hurt!
You die...

###########################
##>.............@O..........
.......#############....####
.......# #.##....+ .......#
... #### .......# ....
.......# .....O .......#
###...# #......# ...#
#......#


You could see an ogre.

Vanquished Creatures
  A sky beast (D:5)
  A scorpion (D:5)
  2 hounds (D:4)
  3 iguanas
  4 gnolls (D:3)
  3 adders (D:2)
  An adder skeleton (D:2)
  2 worms
  5 orcs
  6 ball pythons
  10 bats
  5 endoplasms
  5 goblins
  8 hobgoblins
  A jackal (D:3)
  4 quokkas
  3 frilled lizards
  10 kobolds
  6 rats
80 creatures vanquished.

Notes
Turn   | Place    | Note
-------+----------+-------------------------------------------
     0 | D:1      | pkoi the Demigod Gladiator began the quest for the Orb.
     0 | D:1      | Reached XP level 1. HP: 17/17 MP: 3/3
    48 | D:1      | Reached skill level 3 in Unarmed Combat
   388 | D:1      | Reached XP level 2. HP: 21/24 MP: 4/4
  1892 | D:1      | Reached XP level 3. HP: 29/29 MP: 5/5
  1900 | D:2      | Reached skill level 4 in Unarmed Combat
  2976 | D:2      | Reached XP level 4. HP: 36/36 MP: 6/6
  3942 | D:3      | Reached XP level 5. HP: 13/42 MP: 7/7
  4485 | D:4      | Noticed an ogre
  5101 | D:4      | Found a staircase to the Ecumenical Temple.
  5181 | D:4      | Reached skill level 5 in Unarmed Combat
  5656 | D:5      | Entered Level 5 of the Dungeon
  5696 | D:5      | Found a runed translucent door.
  5705 | D:5      | Noticed terff's ghost (weakling GnDe)
  5762 | D:5      | Noticed an ogre
  5763 | D:5      | Noticed a sky beast
  5781 | D:5      | Reached XP level 6. HP: 28/51 MP: 8/8
  5785 | D:5      | HP: 2/76 [something (6)]
  5797 | D:5      | Slain by an ogre

Illustrated notes

Levels and vault maps discovered:
D:1:      nicolae_arrival_washed_ashore, layout_basic,
          shapermc_ecumenical_altar_mp_ritualfount
D:2:      layout_basic, chequers_serial_rivers_micro_a,
          minmay_fractal_squares_gapless_5
D:3:      layout_loops_ring, mainiacjoe_overflow_alcove_1, minmay_distorted
D:4:      layout_cave_pools, minmay_temple_entry_tees
D:5:      layout_basic, ebering_ghost_reflecting_pool, minmay_ogre_servants

Skill      XL: |  1  2  3  4  5 |
---------------+----------------+-----
Unarmed Combat | 3 4 5 |  5.7
Fighting       | 2 3 |  3.2
Dodging        | 3 |  3.8
Throwing       | |  1.7

Action                   |  1- 3 |  4- 6 || total
-------------------------+-------+-------++-------
Melee: Unarmed           |   177 |   190 ||   367
       Punch             |     5 |     4 ||     9
  Use: Potion            |     5 |     3 ||     8
       Scroll            |     2 |       ||     2
 Stab: Sleeping          |     2 |     2 ||     4
Armor: Leather armour    |    59 |    78 ||   137
Dodge: Dodged            |   127 |   144 ||   271
